 Dungeon Crawl Stone Soup version 0.17.1-1-g73c8601 (webtiles) character file.

388 PossumBlood the Carver (level 6, -6/51 HPs)
             Began as a Minotaur Fighter on Jan 6, 2016.
             Mangled by an ogre
             ... wielding a +0 giant club
              (23 damage)
             ... on level 4 of the Dungeon.
             The game lasted 00:08:41 (3229 turns).

PossumBlood the Carver (Minotaur Fighter)           Turns: 3229, Time: 00:08:41

Health: -6/51      AC: 11    Str: 23      XL:     6   Next: 49%
Magic:  5/5        EV:  4    Int:  5      God:
Gold:   174        SH: 10    Dex:  8 (9)  Spells: 0 memorised, 5 levels left

rFire  . . .     SeeInvis +     a - +0 long sword
rCold  . . .     Clarity  .     j - +0 plate armour
rNeg   + . .     SustAt   .     c - +1 shield
rPois  .         Gourm    .     (helmet restricted)
rElec  .         Spirit   .     (no cloak)
rCorr  .         Warding  .     (no gloves)
rMut   +         Stasis   .     (no boots)
MR     .....                    t - amulet of resist mutation
Stlth  ..........               g - ring of see invisible
                                m - ring of positive energy

@: not resistant to hostile enchantments, extremely unstealthy
A: retaliatory headbutt, horns 2
a: no special abilities


You were on level 4 of the Dungeon.
You were hungry.

You visited 1 branch of the dungeon, and saw 4 of its levels.

You collected 174 gold pieces.

Inventory:

Hand Weapons
 a - a +0 long sword (weapon)
Missiles
 l - 3 tomahawks (quivered)
 n - 3 javelins of penetration
Armour
 c - a +1 shield (worn)
 j - a +0 plate armour (worn)
Jewellery
 g - a ring of see invisible (right hand)
 m - a ring of positive energy (left hand)
 t - an amulet of resist mutation (around neck)
Scrolls
 b - a scroll of blinking
 h - a scroll of amnesia
 i - a scroll of magic mapping
Potions
 d - a potion of might
 k - a potion of lignification {unknown}
 o - a potion of flight
 p - a potion of heal wounds {unknown}
 q - 2 potions of agility
Comestibles
 e - 4 bread rations
 f - a meat ration


   Skills:
 - Level 3.6 Fighting
 * Level 8.4 Long Blades
 - Level 3.6 Armour
 - Level 3.6 Shields


You had 5 spell levels left.
You didn't know any spells.

Dungeon Overview and Level Annotations

Branches:
Dungeon (4/15)
 Temple: D:4-7

Altars:
Fedhas
Sif Muna
The Shining One


Innate Abilities, Weirdness & Mutations

You reflexively headbutt those who attack you in melee.
You have a pair of horns on your head.


Message History

The ogre shouts!
The ooze quivers.
You slash the ooze! You headbutt the ooze.
The ooze is almost dead.
You block the ooze's attack.
You slash the ooze!
You kill the ooze!
You hit the ogre.
The ogre is lightly wounded.
The ogre hits you with a giant club!
You hit the ogre. Your headbutt misses the ogre.
The ogre is moderately wounded.
You are feeling hungry.
You hit the ogre. Your headbutt misses the ogre.
The ogre is heavily wounded.
The ogre hits you with a giant club!!
You hit the ogre.
The ogre is severely wounded.
The ogre hits you with a giant club!!
You die...

.. #...........# .# '#
#.#...........# .#
..#####.##..........# .#
........##..........# ##
.###
........########....# #.
...# ........# ###....#
#. .#.## ........#
#......# #. .#..#
........# #......# #.
.##.#
......O@######......###.
.##.#.#
.............'..........
.##.#.#
####....######.....####.
###.#.# ####.# #.....#
#. #.#.# #.# #.....# #.
#.#.# #.# #.....# #.
#.#.# #.# #.....# #.
###.#.# #.# #.....# #>
......# #. #.....# #.


You could see an ogre.

Vanquished Creatures
  The ghost of Mysteryquy the Cudgeler, an amateur DsFi (D:4)
  An orc priest (D:4)
  2 hound skeletons (D:4)
  3 adders
  A gnoll (D:4)
  3 oozes
  A worm (D:3)
  2 giant geckos
  12 orcs
  A ball python (D:2)
  8 bats
  5 giant cockroaches
  4 goblins
  6 hobgoblins
  9 jackals
  4 kobolds
  3 giant newts
  3 rats (D:2)
69 creatures vanquished.

Notes
Turn   | Place    | Note
--------------------------------------------------------------
     0 | D:1      | PossumBlood the Minotaur Fighter began the quest for the Orb.
     0 | D:1      | Reached XP level 1. HP: 19/19 MP: 0/0
    90 | D:1      | Reached XP level 2. HP: 20/26 MP: 1/1
   312 | D:1      | Reached skill level 4 in Long Blades
   463 | D:2      | Reached XP level 3. HP: 31/31 MP: 2/2
   822 | D:2      | Found a blossoming altar of Fedhas.
  1127 | D:3      | Reached skill level 5 in Long Blades
  1405 | D:3      | Reached XP level 4. HP: 39/39 MP: 3/3
  1522 | D:3      | Found a glowing golden altar of the Shining One.
  2482 | D:4      | Reached skill level 6 in Long Blades
  2489 | D:4      | Reached XP level 5. HP: 41/45 MP: 4/4
  2523 | D:4      | Found a deep blue altar of Sif Muna.
  2734 | D:4      | Noticed Mysteryquy's ghost (amateur DsFi)
  2736 | D:4      | Noticed an ogre
  2753 | D:4      | Killed Mysteryquy's ghost
  2753 | D:4      | Reached skill level 8 in Long Blades
  2753 | D:4      | Reached XP level 6. HP: 9/51 MP: 5/5
  3229 | D:4      | Mangled by an ogre

Action                   |  1- 3 |  4- 6 || total
-------------------------+-------+-------++-------
Melee: Long sword        |   118 |    90 ||   208
  Use: Scroll            |     7 |     5 ||    12
       Potion            |       |     9 ||     9
  Eat: Beef jerky        |     1 |     1 ||     2
       Meat ration       |       |     1 ||     1
